 Dungeon Crawl Stone Soup version 0.23.0 (webtiles) character file.

Game seed: 14487214695707627777

107 grindst0ne the Ruffian (level 4, -4/45 HPs)
             Began as a Troll Monk on Feb 10, 2019.
             Killed by divine providence
             ... invoked by an orc priest
              (9 damage)
             ... on level 3 of the Dungeon.
             The game lasted 00:02:25 (1416 turns).

grindst0ne the Ruffian (Troll Monk)                 Turns: 1416, Time: 00:02:26

Health: -4/45      AC:  6    Str: 20    XL:     4   Next: 57%
Magic:  3/3        EV: 10    Int:  6    God:
Gold:   83         SH:  0    Dex: 12    Spells: 3/3 levels left

rFire    . . .     SeeInvis +     - Unarmed
rCold    . . .     Gourm    +   (no shield)
rNeg     . . .     Faith    .   a - +0 robe
rPois    .         Spirit   .   (helmet restricted)
rElec    .         Reflect  .   (no cloak)
rCorr    .         Harm     .   (gloves unavailable)
MR       +....                  (boots unavailable)
Stlth    ++........             (no amulet)
HPRegen  0.55/turn              l - ring of protection from magic
MPRegen  0.08/turn              k - ring of see invisible

@: no status effects
A: large, unfitting armour, claws 3, fast metabolism 3, gourmand, regeneration
1, shaggy fur 1, tough skin 3
a: no special abilities


You were on level 3 of the Dungeon.
You were not hungry.

You visited 1 branch of the dungeon, and saw 3 of its levels.

You collected 83 gold pieces.

Inventory:

Missiles
 p - 3 tomahawks (quivered)
Armour
 a - a +0 robe (worn)
Jewellery
 i - a +4 ring of strength
 k - a ring of see invisible (right claw)
 l - a ring of protection from magic (left claw)
Scrolls
 c - a scroll of enchant armour {unknown}
 g - a scroll of immolation {unknown}
 h - 6 scrolls of identify {unknown}
 j - 4 scrolls of magic mapping {unknown}
 m - a scroll of fog {unknown}
 n - a scroll of fear {unknown}
 o - a scroll of teleportation {unknown}
Potions
 d - 4 potions of curing {unknown}
 e - a potion of degeneration {unknown}
 f - a potion of flight {unknown}
Comestibles
 b - 6 rations


   Skills:
 + Level 3.5 Fighting
 - Level 2.4 Dodging
 - Level 1.0 Stealth
 + Level 4.3 Unarmed Combat


You had 3 spell levels left.
You didn't know any spells.
Your spell library was empty.

Dungeon Overview and Level Annotations

Branches:
Dungeon (3/15)

Altars:
Elyvilon


Innate Abilities, Weirdness & Mutations

You are too large for most types of armour.
You have claws for hands.
Your metabolism is lightning-fast.
You like to eat raw meat.
Your natural rate of healing is unusually fast.
You are covered in fur. (AC +1)
You have extremely tough skin. (AC +3)


Message History

a +0 club; a +0 hunting sling; 14 sling bullets; a goblin corpse You scratch the orc priest.
You claw the orc priest, but do no damage.
The orc priest is lightly wounded.
The orc priest misses you.
You claw the orc priest!
The orc priest is severely wounded.
The orc priest hits you.
You closely miss the orc priest.
The orc priest is severely wounded.
The orc wizard barely misses you.
The orc priest calls down the wrath of Beogh upon you.
Beogh smites you!
* * * LOW HITPOINT WARNING * * *
You scratch the orc priest but do no damage.
The orc priest is severely wounded.
The orc wizard hits you but does no damage.
The orc priest calls down the wrath of Beogh upon you.
Beogh smites you!
You die...

..........#.#..÷.....#
.....#.....÷#........#
....>.................
o....##.##...........#
o.......##..<#.#.#####
###.##.(##...#...#....
.#.###. #.(##...#...#.###
#......##o.##...#...#.###
#.....o.@oo.#...#.#.#....
#.....###..##...#.#..####
#.... ..................
#### #.#.#####...###..###
.. .. ............ #. .#.
#.######.### # #.#.
........... # #. #
########..##
#.#...........


You could see an orc priest, an orc wizard and 2 orcs.

Vanquished Creatures
  5 adders
  3 worms (D:2)
  A dart slug (D:1)
  A leopard gecko (D:2)
  3 giant cockroaches
  5 goblins
  5 hobgoblins
  8 jackals
  2 ball pythons (D:1)
  2 bats
  2 frilled lizards (D:2)
  8 kobolds
  6 rats
51 creatures vanquished.

Notes
Turn   | Place    | Note
-------+----------+-------------------------------------------
     0 | D:1      | grindst0ne the Troll Monk began the quest for the Orb.
     0 | D:1      | Reached XP level 1. HP: 22/22 MP: 0/0
   274 | D:1      | Reached XP level 2. HP: 29/29 MP: 1/1
   716 | D:2      | Found a white marble altar of Elyvilon.
   720 | D:2      | Reached XP level 3. HP: 37/37 MP: 2/2
   952 | D:2      | Reached skill level 4 in Unarmed Combat
  1041 | D:2      | Reached XP level 4. HP: 45/45 MP: 3/3
  1416 | D:3      | Killed from afar by an orc priest

Skill      XL: |  1  2  3 |
---------------+----------+-----
Fighting       | 3 |  3.5
Unarmed Combat | 4 |  4.3
Dodging        | |  2.4
Stealth        | |  1.0

Action                   |  1- 3 |  4- 6 || total
-------------------------+-------+-------++-------
Melee: Unarmed           |    76 |    51 ||   127
       Punch             |     1 |     1 ||     2
 Stab: Sleeping          |     2 |     1 ||     3
  Eat: Chunk             |     6 |     4 ||    10
Armor: Robe              |    36 |    19 ||    55
Dodge: Dodged            |    44 |    21 ||    65
